 Dungeon Crawl Stone Soup version 0.30-a0-374-g95c0257040 (webtiles) character file.

Game seed: 16123837140652278754

18308 flotson the Fighter (level 12, -19/94 HPs)
             Began as a Demonspawn Delver on Nov 26, 2022.
             Was an Initiate of Gozag.
             Killed from afar by an ironbound thunderhulk (20 damage)
             ... with a bolt of lightning
             ... summoned by a worldbinder
             ... on level 1 of the Abyss.
             The game lasted 00:32:15 (10612 turns).

flotson the Fighter (Demonspawn Delver)            Turns: 10612, Time: 00:32:15

Health: -19/94     AC: 20    Str: 25    XL:     12   Next: 26%
Magic:  8/8        EV: 10    Int: 11    God:    Gozag
Gold:   2223       SH: 16    Dex: 14    Spells: 11/11 levels left

rFire   + . .      SeeInvis .    a - +7 war axe "Uniom" {vorpal, rF+ rC- Int+4 Stlth+}
rCold   . . .      Faith    .    h - +2 tower shield {AC+3}
rNeg    . . .      Spirit   .    v - +0 ice dragon scales
rPois   .          Reflect  .    (no helmet)
rElec   .          Harm     .    A - +0 cloak
rCorr   .          Rampage  .    X - +0 pair of gloves
Will    .....      Rage     3%   y - +0 pair of boots
Stlth   ++........               f - amulet of regeneration
HPRegen 0.00/turn                z - +6 ring of strength
MPRegen 0.11/turn                s - ring of fire

@: inhibited regen
A: hooves 1, yellow scales 1, foul stench 1, powered by death 1, berserk 1,
[dopey 2], low MP 1[+2], [inhibited regeneration], [subdued magic 3]
a: Renounce Religion, Potion Petition, Call Merchant, Bribe Branch


You were on level 1 of the Abyss.
You worshipped Gozag.
Gozag was most pleased with you.
You visited 2 branches of the dungeon, and saw 12 of its levels.
You visited the Abyss 1 time.
You also visited: Ossuary and Bailey.

You collected 2308 gold pieces.
You paid 85 gold pieces to Gozag.

Inventory:

Hand Weapons
 a - the +7 war axe "Uniom" (weapon) {vorpal, rF+ rC- Int+4 Stlth+}
   (You found it on level 7 of the Dungeon)

   It inflicts extra damage upon your enemies.
   Int:       It affects your intelligence (+4).
   rF:        It protects you from fire.
   rC:        It makes you vulnerable to cold.
   Stlth:     It makes you more stealthy.
 b - a +1 broad axe
 V - a +4 scimitar of flaming
Missiles
 j - 4 atropa-tipped darts
 r - 25 poisoned darts
 w - a curare-tipped dart (quivered)
 B - a throwing net
 Q - 4 boomerangs
 T - a silver boomerang
Armour
 h - a +2 tower shield of protection (worn)
 v - +0 ice dragon scales (worn)
 y - a +0 pair of boots (worn)
 A - a +0 cloak (worn)
 X - a +0 pair of gloves (worn)
 Z - a +2 cloak
Jewellery
 f - an amulet of regeneration (around neck)
 p - an amulet of the acrobat
 s - a ring of fire (right hand)
 t - a ring of positive energy
 z - a +6 ring of strength (left hand)
Wands
 g - a wand of digging (8)
 S - a wand of charming (2)
 U - a wand of polymorph (5)
 W - a wand of flame (2)
 Y - a wand of acid (4)
Scrolls
 c - a scroll of fog
 e - 4 scrolls of fear
 i - 2 scrolls of amnesia
 l - 3 scrolls of enchant weapon
 m - 2 scrolls of enchant armour
 q - 2 scrolls of blinking
 u - a scroll of summoning {unknown}
 C - 2 scrolls of immolation {unknown}
 E - 2 scrolls of vulnerability {unknown}
 J - a scroll of acquirement {unknown}
 L - 2 scrolls of teleportation {unknown}
 N - 2 scrolls of magic mapping
 R - a scroll of poison {unknown}
Potions
 d - a potion of haste
 k - 6 potions of curing
 n - 4 potions of heal wounds
 o - 5 potions of might
 x - a potion of cancellation
 D - 5 potions of lignification
 F - a potion of berserk rage
 G - a potion of degeneration {unknown}
 I - 2 potions of mutation
 K - 2 potions of attraction
 M - a potion of invisibility
 O - a potion of magic {unknown}
 P - 3 potions of flight


   Skills:
 + Level 8.5 Fighting
 + Level 6.5(6.6) Axes
 - Level 1.7(4.4) Polearms
 + Level 6.8 Throwing
 + Level 7.1 Armour
 + Level 7.4 Dodging
 - Level 4.5 Stealth
 + Level 7.1 Shields
 + Level 8.0 Evocations


You had 11 spell levels left.
You didn't know any spells.
Your spell library contained the following spells:

 Spells                   Type           Power      Damage    Failure   Level
 Apportation              Tloc           0%         N/A       99%         1
 Beastly Appendage        Tmut           0%         N/A       99%         1
 Freeze                   Ice            0%         1d3       99%         1
 Kiss of Death            Conj/Necr      0%         2d5       99%         1
 Necrotise                Necr           0%         1d4       99%         1
 Summon Small Mammal      Summ           0%         N/A       99%         1
 Wereblood                Tmut           0%         N/A       100%        2
 Confusing Touch          Hex            0%         N/A       100%        3
 Frozen Ramparts          Ice            0%         1d1       100%        3
 Hailstorm                Conj/Ice       0%         3d3       100%        3
 Ozocubu's Armour         Ice            0%         N/A       100%        3
 Spider Form              Tmut/Pois      0%         N/A       100%        3
 Vhi's Electric Charge    Tloc/Air       0%         N/A       100%        3
 Anguish                  Hex/Necr       0%         N/A       100%        4
 Dispel Undead            Necr           0%         3d6       100%        4
 Ice Form                 Ice/Tmut       0%         N/A       100%        4
 Summon Ice Beast         Ice/Summ       0%         N/A       100%        4
 Arcjolt                  Conj/Air       0%         1d10      100%        5
 Freezing Cloud           Conj/Ice/Air   0%         6-21      100%        5
 Enfeeble                 Hex            0%         N/A       100%        7
 Ozocubu's Refrigeration  Ice            0%         4d7       100%        7
 Maxwell's Capacitive Co  Air            0%         ∞         100%        8
 Polar Vortex             Ice            0%         N/A       100%        9
 Simulacrum               Ice/Necr       Unusable   N/A       N/A         6

Dungeon Overview and Level Annotations

Branches:
Dungeon (11/15)            Temple (1/1) D:4            Lair (0/5) D:11
    Orc (0/2) D:9         Ossuary (visited)          Bailey (visited)

Altars:
Ashenzari
Cheibriados
Dithmenos
Fedhas
Gozag
Hepliaklqana
Kikubaaqudgha
Makhleb
Nemelex Xobeh
Ru
Sif Muna
Trog
Uskayaw
Vehumet
Xom
Yredelemnul

Shops:
D:11 !

Annotations:
D:6 3 runed translucent doors, DrKenneth's ghost, novice MiFi; purpskrrrp's ghost, novice HOMo
D:11 Erolcha


Innate Abilities, Weirdness & Mutations

You have large cloven feet.
You are partially covered in yellow scales. (AC +2)
You may rarely emit foul miasma when damaged in melee.
You regenerate a little health from kills.
You sometimes lose your temper in combat.
[You are very dopey. (Int -4)]
[Your magical capacity is extremely low. (-30% MP)]
[You do not regenerate when monsters are visible.]
[Your spells are much easier to cast, but much less powerful.]


Message History

You block the brown very ugly thing's attack.
Unknown command.
You barely miss the brown very ugly thing.
The brown very ugly thing is lightly wounded.
You block the brown very ugly thing's attack.
A small abomination comes into view.
The brown very ugly thing claws you but does no damage.
Unknown command.
You hit the brown very ugly thing.
The brown very ugly thing is lightly wounded.
The brown very ugly thing claws you!
You are splashed with acid!
Unknown command.
You slash the brown very ugly thing!
The brown very ugly thing is moderately wounded.
You block the brown very ugly thing's attack.
The brown very ugly thing basks in the mutagenic energy from its kin and changes!
Unknown command.
You hit the purple very ugly thing.
The purple very ugly thing is moderately wounded.
Unknown command.
You barely miss the purple very ugly thing.
The purple very ugly thing is moderately wounded.
The purple very ugly thing disappears in a puff of smoke! x2
The worldbinder calls forth creatures from the Vaults!
Unknown command.
You barely miss the small abomination.
You block the small abomination's attack.
The small abomination hits you but does no damage.
Unknown command.
You hit the small abomination but do no damage.
You block the small abomination's attack.
Electricity crackles from the ironbound thunderhulk's apparatus.
The bolt of lightning hits you!!!
* * * LOW HITPOINT WARNING * * *
The small abomination hits you!
* * * LOW HITPOINT WARNING * * *
Electricity crackles from the ironbound thunderhulk's apparatus.
The bolt of lightning hits you!!
You die...
Your body crumbles into a pile of gold.

##### ##.
... ......
#### . ...##
. . #$.#
##x#### #@#§
... .#
#..#x.O#....
####.#O###.
# ### #....
#.. ..# .#
#..... # #
####.. # ##
#..
.###....#
..##... ...
.


You could see 2 ironbound thunderhulks and a small abomination.

Vanquished Creatures
  2 vault guards (Bailey)
  A boulder beetle (D:11)
  2 centaur warriors
  A two-headed ogre (D:11)
  A hell hog (Abyss:1)
  A sun demon (Abyss:1)
  A wretched star (Abyss:1)
  2 cyclopes (D:11)
  Joseph (D:7)
  2 unseen horror zombies (D:9)
  An efreet (D:10)
  Maggie (D:7)
  An ancient zyme (Abyss:1)
  2 polar bears (D:11)
  2 trolls
  Prince Ribbit (Bailey)
  2 slime creatures
  A vampire (D:10)
  2 wraiths
  A wyvern (D:9)
  Eustachio (D:5)
  A ynoxinul (Abyss:1)
  A shadow (D:10)
  3 humans (Bailey)
  10 yaks
  A golden eye (Abyss:1)
  A steam dragon (D:9)
  A neqoxec (Abyss:1)
  A small abomination (Abyss:1)
  An acid dragon (D:11)
  2 water moccasins
  6 ice beasts
  A sky beast (D:7)
  7 orc warriors
  5 centaurs
  An elf zombie (Ossuary)
  2 kobold brigands
  8 bullfrogs
  2 necrophages
  A gnoll sergeant (D:9)
  6 scorpions
  24 wights
  5 howler monkeys
  7 centaur zombies (D:9)
  3 hounds
  A human zombie (Ossuary)
  2 jellies
  Crazy Yiuf (D:7)
  5 orc priests
  2 gnoll boudas
  3 iguanas
  Natasha (thrice) (D:2)
  6 orc wizards
  A killer bee zombie (D:9)
  3 mummies (Ossuary)
  2 howler monkey zombies (D:9)
  11 gnolls
  5 adders
  3 white imps
  An ufetubus (D:4)
  4 adder zombies (Ossuary)
  2 dart slugs
  45 orcs
  4 ball pythons
  2 bats
  9 endoplasms
  9 goblins
  12 hobgoblins
  2 quokkas (D:4)
  4 frilled lizards
  3 goblin zombies (Ossuary)
  A hobgoblin zombie (Ossuary)
  12 kobolds
  3 kobold zombies (Ossuary)
  3 quokka zombies (Ossuary)
  6 rats
  2 rat zombies (Ossuary)
301 creatures vanquished.

Vanquished Creatures (others)
  A yak (D:9)
  An orc (D:7)
  7 plants (D:9)
  12 withered plants
21 creatures vanquished.

Grand Total: 322 creatures vanquished

Notes
Turn   | Place    | Note
-------+----------+-------------------------------------------
     0 | D:5      | flotson the Demonspawn Delver began the quest for the Orb.
     0 | D:5      | Reached XP level 1. HP: 18/18 MP: 1/1
    78 | D:4      | Noticed a hound
    94 | D:4      | Killed a hound
    95 | D:4      | Reached skill level 1 in Evocations
    95 | D:4      | Gained mutation: You may rarely emit foul miasma when
                  | damaged in melee. [demonic ancestry]
    95 | D:4      | Reached XP level 2. HP: 14/24 MP: 2/2
    95 | D:4      | Reached XP level 3. HP: 17/29 MP: 3/3
   195 | D:4      | Noticed a scorpion
   231 | D:4      | Reached skill level 1 in Armour
   231 | D:4      | Reached skill level 1 in Shields
  1379 | D:1      | Gained mutation: You have large cloven feet. [demonic
                  | ancestry]
  1379 | D:1      | Reached XP level 4. HP: 30/35 MP: 4/4
  1521 | D:2      | Found a shimmering altar of Xom.
  1717 | D:2      | Noticed Natasha
  1726 | D:2      | Killed Natasha
  1727 | D:2      | Reached skill level 1 in Throwing
  1727 | D:2      | Reached XP level 5. HP: 35/41 MP: 5/5
  1789 | D:2      | Noticed Natasha
  1797 | D:2      | Killed Natasha
  1818 | D:2      | Noticed Natasha
  1825 | D:2      | Killed Natasha
  2336 | D:3      | Found a faded altar of an unknown god.
  2739 | D:4      | Reached XP level 6. HP: 28/48 MP: 6/6
  2983 | D:4      | Found a staircase to the Ecumenical Temple.
  2992 | Temple   | Entered the Ecumenical Temple
  3004 | Temple   | Became a worshipper of Gozag Ym Sagoz the Greedy
  3297 | D:4      | Gained mutation: You regenerate a little health from kills.
                  | [demonic ancestry]
  3297 | D:4      | Reached XP level 7. HP: 54/54 MP: 7/7
  3526 | D:4      | Found a blossoming altar of Fedhas.
  3842 | D:4      | Found a staircase to the Ecumenical Temple.
  4178 | D:4      | Found a blossoming altar of Fedhas.
  4392 | D:5      | Reached skill level 1 in Axes
  4512 | D:5      | Noticed Eustachio
  4586 | D:5      | Killed Eustachio
  4590 | D:5      | Reached XP level 8. HP: 60/61 MP: 8/8
  5030 | D:6      | Found a runed translucent gate.
  5031 | D:6      | Found a runed translucent gate.
  5032 | D:6      | Found a runed translucent gate.
  5052 | D:6      | Found a sand-covered staircase.
  5056 | Ossuary  | Entered an ossuary
  5099 | Ossuary  | Reached skill level 5 in Fighting
  5345 | D:6      | Noticed purpskrrrp's ghost (novice HOMo)
  5345 | D:6      | Noticed DrKenneth's ghost (novice MiFi)
  5797 | D:6      | Reached XP level 9. HP: 68/68 MP: 9/9
  5854 | D:6      | Noticed a troll
  5865 | D:6      | Killed a troll
  6100 | D:7      | Noticed Joseph
  6111 | D:7      | Killed Joseph
  6126 | D:7      | Noticed Maggie
  6215 | D:7      | Reached skill level 5 in Evocations
  6242 | D:7      | Reached skill level 5 in Dodging
  6444 | D:7      | Killed Maggie
  6554 | D:7      | Identified the +7 war axe "Uniom" {vorpal, rF+ rC- Int+4
                  | Stlth+}
  6752 | D:7      | Found a runed translucent door.
  6753 | D:7      | Noticed Crazy Yiuf
  6760 | D:7      | Killed Crazy Yiuf
  6871 | D:8      | Found a flagged portal.
  6893 | Bailey   | Entered a bailey
  6917 | Bailey   | Gained mutation: You are partially covered in yellow
                  | scales. (AC +2) [demonic ancestry]
  6917 | Bailey   | Reached XP level 10. HP: 66/77 MP: 10/10
  6949 | Bailey   | Reached skill level 5 in Armour
  6986 | Bailey   | Reached skill level 5 in Shields
  7002 | Bailey   | Noticed Prince Ribbit
  7002 | Bailey   | Noticed a vault guard
  7018 | Bailey   | Killed a vault guard
  7018 | Bailey   | Killed Prince Ribbit
  7073 | Bailey   | Noticed a vault guard
  7085 | Bailey   | Killed a vault guard
  7086 | Bailey   | Reached skill level 5 in Throwing
  7696 | D:9      | Identified the +0 scale mail of Syndicalism {rElec Regen+}
  7966 | D:9      | Reached skill level 5 in Axes
  8045 | D:9      | Found a staircase to the Orcish Mines.
  8069 | D:9      | Reached XP level 11. HP: 83/84 MP: 11/11
  8398 | D:9      | Noticed a centaur warrior
  8430 | D:9      | Killed a centaur warrior
  8648 | D:9      | Noticed a storm dragon
  8729 | D:9      | Noticed an azure jelly
  9127 | D:10     | Entered Level 10 of the Dungeon
  9133 | D:10     | Found a snail-covered altar of Cheibriados.
  9133 | D:10     | Found a hazy altar of Hepliaklqana.
  9141 | D:10     | Found a broken altar of Ashenzari.
  9145 | D:10     | Found a shimmering blue altar of Sif Muna.
  9146 | D:10     | Found an ancient bone altar of Kikubaaqudgha.
  9172 | D:10     | Noticed a centaur warrior
  9183 | D:10     | Killed a centaur warrior
  9466 | D:10     | Found a burning altar of Makhleb.
  9745 | D:11     | Noticed a two-headed ogre
  9768 | D:11     | Killed a two-headed ogre
  9856 | D:11     | Noticed a boulder beetle
  9866 | D:11     | Noticed Erolcha
  9879 | D:11     | Killed a boulder beetle
  9955 | D:11     | Noticed a skeletal warrior
  9956 | D:11     | Noticed a skeletal warrior
  9956 | D:11     | Noticed a skeletal warrior
  9957 | D:11     | Noticed a skeletal warrior
  9957 | D:11     | Noticed a skeletal warrior
 10116 | D:11     | Found a staircase to the Lair.
 10159 | D:11     | Reached XP level 12. HP: 93/93 MP: 12/12
 10171 | D:11     | Found Daudoad's Distillery.
 10320 | Abyss:1  | Found a hazy altar of Hepliaklqana.
 10320 | Abyss:1  | Cast into level 1 of the Abyss (Erolcha)
 10378 | Abyss:1  | Noticed a starcursed mass
 10384 | Abyss:1  | Gained mutation: Your natural rate of healing is unusually
                  | fast. [a neqoxec]
 10402 | Abyss:1  | Gained mutation: You are robust. (+10% HP) [a neqoxec]
 10404 | Abyss:1  | Gained mutation: [Your magical capacity is low. (-10% MP)]
                  | [a neqoxec]
 10418 | Abyss:1  | Lost mutation: You are robust. (+10% HP) [a neqoxec]
 10428 | Abyss:1  | Lost mutation: Your natural rate of healing is unusually
                  | fast. [a neqoxec]
 10457 | Abyss:1  | Gained mutation: You sometimes lose your temper in combat.
                  | [a neqoxec]
 10592 | Abyss:1  | Noticed a hell hog
 10602 | Abyss:1  | Killed a hell hog
 10603 | Abyss:1  | Noticed a brown very ugly thing
 10603 | Abyss:1  | Noticed a purple very ugly thing
 10612 | Abyss:1  | Noticed an ironbound thunderhulk
 10612 | Abyss:1  | Noticed an ironbound thunderhulk
 10612 | Abyss:1  | HP: 1/94 [small abomination (9)]
 10612 | Abyss:1  | Killed from afar by an ironbound thunderhulk

Illustrated notes

Levels and vault maps discovered:
D:1:      lightli_arrival_boilingwater, layout_loops_cross, chequers_big_river,
          chequers_serial_rivers_large_a
D:2:      layout_basic, basic_altar, uniq_natasha
D:3:      layout_basic, hellmonk_ecumenical_altar_lost_god,
          wander_ebering_terrifying_dragon_lair
D:4:      layout_gridville, fedhas_altar_fruit_tree,
          minmay_temple_entry_drinking_statues
D:5:      layout_basic, minmay_holes, grunt_decor_cap, uniq_eustachio
D:6:      layout_gridville, enter_ossuary_5, gammafunk_ghost_cemetery,
          minmay_misc_feat_x
D:7:      layout_cave_pools, serial_column_ruins, column_ruins_hut,
          column_ruins_grid_4, column_ruins_open_small,
          column_ruins_columns_straight, column_ruins_open_small,
          column_ruins_corridor_corner, hex_tiny, uniq_maggie, uniq_joseph,
          uniq_crazy_yiuf_cottage
D:8:      layout_basic, enter_bailey_3
D:9:      nzn_winding_woodlands_three_and_one
          [nzn_winding_woodlands_5x15_garden, nzn_winding_woodlands_5x15_jagged,
          nzn_winding_woodlands_5x15_twine,
          nzn_winding_woodlands_center_triple_pond], layout_loops_ring,
          hiddenorc1_lemuel, serial_undead, serial_undead_d, serial_undead_c,
          serial_undead_e, serial_undead_b, serial_undead_a, serial_undead_f,
          kennysheep_minor_cross
D:10:     layout_roguey, minitemple, mainiacjoe_overflow_surrounded_room,
          lightli_temple_of_fire
D:11:     layout_roguey, hellmonk_lair_entry_icy, serial_shops,
          nicolae_shop_waterfront, uniq_erolcha
Temple:   nicolae_temple_great_sept
Abyss:1:  base:
D:3

Skill      XL: |  1  2  3  4  5  6  7  8  9 10 11 12 |
---------------+-------------------------------------+-----
Dodging        | 2 3 4 5 6 7 |  7.4
Evocations     | 1 2 3 4 5 6 7 8 |  8.0
Armour         | 1 2 3 4 5 6 7 |  7.1
Shields        | 1 2 3 4 5 6 7 |  7.1
Throwing       | 1 2 3 4 5 6 |  6.8
Fighting       | 4 5 6 7 8 |  8.5
Axes           | 1 2 4 5 6 |  6.5
Polearms       | |  1.7
Stealth        | |  4.5

Action                   |  1- 3 |  4- 6 |  7- 9 | 10-12 || total
-------------------------+-------+-------+-------+-------++-------
Melee: Spear             |    31 |       |       |       ||    31
       Mace              |    37 |   127 |       |       ||   164
       Flail             |       |       |   388 |       ||   388
       War axe           |       |       |    24 |   471 ||   495
       Broad axe         |       |       |     1 |       ||     1
Throw: Dart              |     1 |       |     3 |     8 ||    12
       Boomerang         |       |       |       |     5 ||     5
  Use: Potion            |     1 |     3 |       |     4 ||     8
       Scroll            |       |     1 |     3 |    14 ||    18
 Stab: Sleeping          |     7 |     4 |     2 |     2 ||    15
       Distracted        |       |       |     1 |     2 ||     3
Armor: Leather armour    |     4 |       |       |       ||     4
       Ring mail         |    23 |    46 |       |       ||    69
       Ice dragon scales |       |    24 |   309 |   275 ||   608
Dodge: Dodged            |    14 |    44 |   148 |   167 ||   373
Block: Tower shield      |    48 |   136 |   540 |   532 ||  1256

Table legend: (Time is in decaauts)
 A = Elapsed time spent in this place.
 B = Non-inter-level travel time spent in this place.
 C = Inter-level travel time spent in this place.
 D = Time resting spent in this place.
 E = Time spent auto-exploring this place.
 F = Levels seen in this place.
 G = Mean time per level.
                   A        B        C        D        E       F      G
               +--------+--------+--------+--------+--------+-----+--------+
         Total |  11365 |  10818 |    547 |     94 |   7205 |  15 |  757.7 |
       Dungeon |  10488 |   9949 |    539 |     90 |   6827 |  11 |  953.5 |
        Temple |     20 |     12 |      8 |      0 |      1 |   1 |   20.0 |
         Abyss |    329 |    329 |      0 |      4 |    145 |   1 |  329.0 |
       Ossuary |    262 |    262 |      0 |      0 |    110 |   1 |  262.0 |
        Bailey |    263 |    263 |      0 |      0 |    122 |   1 |  263.0 |
               +--------+--------+--------+--------+--------+-----+--------+

Top non-repeatable levels by time:
     D:4: 1803 daAuts
     D:9: 1487 daAuts
     D:1: 1136 daAuts
     D:6: 1012 daAuts
     D:5: 825 daAuts
     D:7: 795 daAuts
     D:2: 783 daAuts
     D:8: 735 daAuts
    D:10: 643 daAuts
     D:3: 637 daAuts
    D:11: 626 daAuts
 Abyss:1: 329 daAuts
  Bailey: 263 daAuts
 Ossuary: 262 daAuts
  Temple: 20 daAuts
